 Dungeon Crawl Stone Soup version 0.28.0-49-g6dfe1f597d (webtiles) character file.

Game seed: 14831881867335197906

66348 Zeld the Destroyer (level 14, -3/122 HPs)
             Began as a Yellow Draconian Conjurer on May 19, 2022.
             Was a High Priest of Nemelex Xobeh.
             Slain by a white ugly thing (11 damage)
             ... while petrified by a catoblepas
             ... on level 14 of the Dungeon.
             The game lasted 00:45:02 (39381 turns).

Zeld the Destroyer (Yellow Draconian Conjurer)     Turns: 39381, Time: 00:45:03

Health: -3/122     AC: 15    Str:  8 (10) XL:     14   Next: 78%
Magic:  10/30      EV:  2    Int: 21 (22) God:    Nemelex Xobeh [*****.]
Gold:   1096       SH:  0    Dex: 10 (11) Spells: 26/37 levels left

rFire   . . .      SeeInvis +   a - +9 trident (vorpal)
rCold   . . .      Faith    .   (no shield)
rNeg    + + +      Spirit   .   (armour unavailable)
rPois   ∞          Reflect  .   (helmet restricted)
rElec   .          Harm     .   b - +2 cloak
rCorr   +          Rampage  .   r - +2 pair of gloves
Will    +....                   G - +0 pair of boots of Daisies {Fly Str+2}
Stlth   ++........              u - amulet of regeneration
HPRegen 1.10/turn               A - ring of Feuxat {rPois SInv}
MPRegen 0.22/turn               B - ring of wizardry

@: petrified, flying, slowed
A: spit acid, AC +8, unfitting armour, acidic bite, cold-blooded, acid
resistance, weak 1
a: Breathe Acid, Renounce Religion, Draw Escape, Draw Destruction, Draw
Summoning, Triple Draw, Deal Four, Stack Five


You were on level 14 of the Dungeon.
You worshipped Nemelex Xobeh.
Nemelex Xobeh was extremely pleased with you.
You visited 4 branches of the dungeon, and saw 21 of its levels.
You also visited: Sewer, Bailey, Gauntlet and Volcano.

You collected 1462 gold pieces.
You spent 366 gold pieces at shops.

Inventory:

Hand Weapons
 a - a +9 vorpal trident (weapon)
Armour
 b - a +2 cloak (worn)
 r - a +2 pair of gloves (worn)
 G - the +0 pair of boots of Daisies (worn) {Fly Str+2}
   (You found it in a bailey)

   Str:       It affects your strength (+2).
   Fly:       It grants you flight.
Jewellery
 u - an amulet of regeneration (around neck)
 y - a ring of protection from cold
 A - the ring of Feuxat (left hand) {rPois SInv}
   (You bought it in a shop on level 3 of the Dungeon)

   [ring of see invisible]

   rPois:     It protects you from poison.
   SInv:      It lets you see invisible.
 B - a ring of wizardry (right hand)
 H - a ring of magical power
Wands
 h - a wand of mindburst (48)
 x - a wand of digging (12)
 D - a wand of polymorph (18)
 F - a wand of flame (40)
 I - a wand of iceblast (20)
 N - a wand of acid (8)
Scrolls
 g - 9 scrolls of teleportation
 j - a scroll of summoning
 l - 7 scrolls of enchant armour
 n - a scroll of amnesia
 q - a scroll of brand weapon {unknown}
 t - 2 scrolls of holy word
 C - 4 scrolls of fear
 E - 2 scrolls of vulnerability {unknown}
 L - a scroll of fog {unknown}
 P - a scroll of enchant weapon
Potions
 c - 6 potions of heal wounds
 d - a potion of haste {unknown}
 e - 16 potions of curing
 f - 5 potions of cancellation
 i - a potion of berserk rage {unknown}
 m - 6 potions of flight
 o - 4 potions of resistance
 p - a potion of invisibility {unknown}
 s - a potion of attraction {unknown}
 v - 4 potions of brilliance {unknown}
 w - 3 potions of degeneration {unknown}
 z - 2 potions of might {unknown}
 K - 7 potions of ambrosia
Miscellaneous
 k - a piece from Xom's chessboard (15/15)
 J - a condenser vane
 M - a lightning rod (4/4)


   Skills:
 + Level 10.3 Fighting
 - Level 8.0 Dodging
 - Level 1.7 Stealth
 * Level 12.4 Spellcasting
 * Level 13.9 Conjurations
 - Level 2.0 Hexes
 - Level 2.0 Translocations
 * Level 13.7 Invocations
 * Level 6.1 Evocations


You had 26 spell levels left.
You knew the following spells:

 Your Spells              Type           Power      Damage    Failure   Level
a - Magic Dart            Conj           100%       1d8       0%          1
b - Searing Ray           Conj           100%       2d8       1%          2
c - Fulminant Prism       Conj/Hex       23%        3d13      1%          4
d - Iskenderun's Mystic   Conj/Tloc      46%        2d10      1%          4

Your spell library contained the following spells:

 Spells                   Type           Power      Damage    Failure   Level
 Animate Skeleton         Necr           26%        N/A       1%          1
 Apportation              Tloc           42%        N/A       1%          1
 Foxfire                  Conj/Fire      100%       2x1d9     1%          1
 Summon Small Mammal      Summ           52%        N/A       1%          1
 Conjure Flame            Conj/Fire      42%        6-21      1%          3
 Dazzling Flash           Conj/Hex       92%        N/A       1%          3
 Flame Wave               Conj/Fire      42%        2d9       1%          4
 Confusing Touch          Hex            21%        N/A       2%          3
 Tukima's Dance           Hex            21%        N/A       2%          3
 Sublimation of Blood     Necr           13%        N/A       3%          2
 Wereblood                Tmut           13%        N/A       3%          2
 Inner Flame              Hex/Fire       17%        N/A       4%          3
 Passage of Golubria      Tloc           21%        N/A       9%          4
 Anguish                  Hex/Necr       8%         N/A       13%         4
 Leda's Liquefaction      Hex/Erth       8%         N/A       13%         4
 Yara's Violent Unravell  Hex/Tmut       8%         3d5       34%         5
 Alistair's Intoxication  Tmut/Pois      8%         N/A       45%         5
 Lee's Rapid Deconstruct  Erth           6%         3d7*      45%         5
 Dispersal                Tloc           10%        N/A       77%         6
 Statue Form              Tmut/Erth      8%         N/A       95%         6
 Enfeeble                 Hex            10%        N/A       99%         7
 Summon Hydra             Summ           6%         N/A       100%        7
 Disjunction              Tloc           10%        N/A       100%        8
 Chain Lightning          Conj/Air       21%        3d28      100%        9
 Fire Storm               Conj/Fire      21%        8d5       100%        9
 Shatter                  Erth           6%         3d9*      100%        9


Dungeon Overview and Level Annotations

Branches:
Dungeon (14/15)            Temple (1/1) D:4            Lair (5/6) D:9
  Swamp (0/4) Lair:3       Spider (0/4) Lair:4          Orc (1/2) D:11
 Vaults (0/5) D:13          Sewer (visited)          Bailey (visited)
Volcano (visited)         Gauntlet (visited)
  Slime: Lair:5-6

Altars:
Ashenzari
Cheibriados
Dithmenos
Elyvilon
Fedhas
Gozag
Hepliaklqana
Kikubaaqudgha
Makhleb
Nemelex Xobeh
Okawaru
Qazlal
Ru
Sif Muna
Trog
Uskayaw
Vehumet
Wu Jian
Xom
Yredelemnul
Zin
The Shining One

Shops:
D:3 ==   D:7 :


Innate Abilities, Weirdness & Mutations

You can spit globs of acid.
Your golden yellow scales are hard. (AC +8)
You cannot fit into any form of body armour.
You have acidic saliva.
You are cold-blooded and may be slowed by cold attacks.
You are resistant to acid. (rCorr)
You are weak. (Str -2)


Message History

The catoblepas gores you but does no damage.
Unknown command.
Unknown command.
You have turned to stone.
The catoblepas gores you!
The white ugly thing is engulfed in calcifying dust.
The white ugly thing is moving more slowly.
The white ugly thing trunk-slaps you. The white ugly thing freezes you!
The catoblepas gores you! The catoblepas gores you.
The white ugly thing basks in the mutagenic energy from its kin and changes!
The white ugly thing is engulfed in calcifying dust.
The white ugly thing is moving more slowly.
The catoblepas gores you!
The brown ugly thing stops moving altogether!
The catoblepas gores you! The brown ugly thing punches you.
You are splashed with acid.
You resist. The white ugly thing kicks you. The white ugly thing freezes you!!
The catoblepas gores you!!
* * * LOW HITPOINT WARNING * * *
The white ugly thing kicks you.
* * * LOW HITPOINT WARNING * * *
The white ugly thing freezes you!
* * * LOW HITPOINT WARNING * * *
The brown ugly thing punches you!
* * * LOW HITPOINT WARNING * * *
You are splashed with acid.
You resist.
* * * LOW HITPOINT WARNING * * *
The catoblepas breathes a plume of calcifying dust at you.
The blast of calcifying dust hits you.
* * * LOW HITPOINT WARNING * * *
The brown ugly thing punches you.
* * * LOW HITPOINT WARNING * * *
You are splashed with acid.
You resist.
* * * LOW HITPOINT WARNING * * *
The white ugly thing kicks you!
* * * LOW HITPOINT WARNING * * *
The white ugly thing freezes you!!
You feel yourself slow down.
You die...
Your body glows with a rainbow of weird colours and disappears.

##.).......
##...........
#.............
##....#........
##..............
#.....##........
##.....§........
#.<....§........
#......@u.......
##.....Yu...##.
#....#.u...#
##..####...#
#### ....#
...... #....##
....# .....


You could see a catoblepas and 3 ugly things.

Vanquished Creatures
  Frances (D:13)
  A ghost moth (Lair:5)
  5 vault guards
  5 hydras
  2 boulder beetles
  4 two-headed ogres
  3 death yaks
  2 tengu warriors
  A necromancer (Lair:3)
  A deep elf pyromancer (D:12)
  2 ugly things
  A manticore (D:11)
  4 cyclopes
  12 elephants
  6 black mambas
  A gargoyle (Bailey)
  8 cane toads
  An unseen horror (D:12)
  2 kobold demonologists
  Maggie (D:8)
  3 komodo dragons
  A queen bee (Lair:3)
  A raiju (Gauntlet)
  4 polar bears
  3 slime creatures
  14 blink frogs
  7 dream sheep
  3 centaur simulacra (Gauntlet)
  A spectral black mamba (Gauntlet)
  A shadow (D:10)
  2 wraiths
  4 wyverns
  31 yaks
  3 vampires
  10 fire bats
  3 basilisks
  A yak (shapeshifter) (D:14)
  2 steam dragons (D:8)
  4 redbacks
  A warg (Orc:1)
  An acid dragon (D:11)
  13 water moccasins
  12 orc warriors
  An ice beast (D:5)
  3 black bears
  6 ogres
  A necrophage (D:7)
  5 wolves (Lair:4)
  10 centaurs
  A phantom (D:5)
  8 bullfrogs
  2 gnoll sergeants
  A kobold brigand (D:9)
  3 scorpions (Lair:4)
  35 killer bees
  9 vampire bats (Bailey)
  9 wights
  A crimson imp (D:9)
  8 wolf zombies (Bailey)
  An electric eel (D:13)
  3 howler monkeys
  A bullfrog zombie (D:5)
  4 centaur zombies
  3 orc priests
  6 lava snakes (Volcano)
  A wyvern simulacrum (Gauntlet)
  2 hounds
  4 jellies
  A gnoll shaman (D:8)
  2 centaur skeletons (D:7)
  4 iguanas
  5 orc wizards
  5 polar bear simulacra (Lair:3)
  2 hell rats (Lair:1)
  A merfolk siren (Sewer)
  A lightning spire (Gauntlet)
  A merfolk avatar (Sewer)
  2 yak simulacra (Lair:3)
  A killer bee zombie (D:7)
  3 wolf simulacra (Lair:3)
  A hound skeleton (D:4)
  3 howler monkey zombies
  12 gnolls
  10 adders
  9 river rats
  A white imp (D:6)
  2 adder skeletons (D:4)
  3 worms
  A dart slug (D:4)
  44 orcs
  14 ball pythons
  11 endoplasms
  13 giant cockroaches
  10 goblins
  9 hobgoblins
  7 jackals (D:1)
  16 kobolds
  4 quokkas
  3 bats
  10 frilled lizards
  22 orc zombies (Bailey)
  44 rats
  A river rat simulacrum (Lair:3)
594 creatures vanquished.

Vanquished Creatures (collateral kills)
  A ghost moth (Lair:5)
  A minotaur (Gauntlet)
  The ghost of RascalDebosk the Cleaver, a journeyman MiFi of Trog (Lair:2)
  2 hydras
  9 death yaks (Lair:5)
  A manticore (D:8)
  Joseph (D:8)
  3 elephants
  A cane toad (Lair:5)
  5 dream sheep (Lair:5)
  A basilisk (Lair:5)
  2 water moccasins
  A bullfrog (Lair:5)
29 creatures vanquished.

Vanquished Creatures (others)
  24 fungi
  34 plants
58 creatures vanquished.

Grand Total: 681 creatures vanquished

Notes
Turn   | Place    | Note
-------+----------+-------------------------------------------
     0 | D:1      | Zeld the Draconian Conjurer began the quest for the Orb.
     0 | D:1      | Reached XP level 1. HP: 14/14 MP: 3/3
   244 | D:1      | Reached XP level 2. HP: 22/22 MP: 0/5
   681 | D:1      | Learned a level 2 spell: Searing Ray
   895 | D:1      | Reached XP level 3. HP: 27/27 MP: 4/6
   943 | D:1      | Reached skill level 1 in Fighting
  1463 | D:1      | Found a faded altar of an unknown god.
  1831 | D:2      | You fall into a shaft and drop 2 floors!
  1831 | D:4      | Found a staircase to the Ecumenical Temple.
  1834 | Temple   | Entered the Ecumenical Temple
  2298 | D:4      | Reached XP level 4. HP: 20/35 MP: 2/8
  3134 | D:3      | Found an opulent altar of Gozag.
  3134 | D:3      | Found a basalt altar of Yredelemnul.
  3134 | D:3      | Found a snail-covered altar of Cheibriados.
  3134 | D:3      | Found a glowing golden altar of the Shining One.
  3282 | D:3      | Found Gyburahei's Jewellery Shoppe.
  3340 | D:3      | Reached XP level 5. HP: 40/41 MP: 0/9
  3365 | D:3      | Found Weriycru's Jewellery Shoppe.
  3545 | D:3      | Reached skill level 5 in Conjurations
  3693 | D:3      | Found a glowing drain.
  3703 | Sewer    | Entered a sewer
  5281 | Sewer    | Reached XP level 6. HP: 45/49 MP: 1/11
  5288 | Sewer    | Learned a level 4 spell: Fulminant Prism
  5293 | Sewer    | Learned a level 4 spell: Iskenderun's Mystic Blast
  5820 | D:2      | Found an ancient bone altar of Kikubaaqudgha.
  7682 | D:5      | Entered Level 5 of the Dungeon
  8035 | D:5      | Reached skill level 1 in Translocations
  8035 | D:5      | Your scales start taking on a golden yellow colour.
  8035 | D:5      | Reached XP level 7. HP: 52/57 MP: 4/13
  8035 | D:5      | Gained mutation: You are resistant to acid. (rCorr) [Yellow
                  | Draconian growth]
  8098 | Temple   | Became a worshipper of Nemelex Xobeh the Trickster
  8257 | D:5      | Reached skill level 1 in Hexes
  8402 | D:5      | Reached skill level 1 in Invocations
  9333 | D:6      | Noticed a yak
  9333 | D:6      | Noticed a yak
  9333 | D:6      | Noticed a yak
  9333 | D:6      | Noticed a yak
  9334 | D:6      | Noticed a yak
  9344 | D:5      | Killed a yak
  9345 | D:5      | Reached XP level 8. HP: 40/63 MP: 2/15
  9809 | D:6      | Reached skill level 5 in Spellcasting
 10446 | D:7      | Reached XP level 9. HP: 72/72 MP: 6/17
 10524 | D:7      | Reached * piety under Nemelex Xobeh
 11009 | D:7      | Received a gift from Nemelex Xobeh
 11238 | D:7      | Reached skill level 5 in Invocations
 11556 | D:7      | Found Qeumuh's Book Boutique.
 11720 | D:3      | Bought the ring of Feuxat {rPois SInv} for 366 gold pieces
 12217 | D:8      | Found a glowing silver altar of Zin.
 12235 | D:8      | Noticed a manticore
 12249 | D:8      | Killed a manticore
 12250 | D:8      | Reached skill level 5 in Fighting
 12524 | D:8      | Found a shadowy altar of Dithmenos.
 12873 | D:8      | Noticed Joseph
 12886 | D:8      | Killed Joseph
 12887 | D:8      | Reached skill level 5 in Dodging
 12980 | D:8      | Noticed Maggie
 12991 | D:8      | Killed Maggie
 13155 | D:8      | Reached XP level 10. HP: 76/81 MP: 15/20
 13256 | D:8      | Reached ** piety under Nemelex Xobeh
 13441 | D:9      | Received a gift from Nemelex Xobeh
 13548 | D:9      | Noticed an elephant
 13844 | D:9      | Found a staircase to the Lair.
 14040 | D:9      | Killed an elephant
 14346 | D:9      | Found a shimmering altar of Xom.
 14349 | D:9      | Found a burning altar of Makhleb.
 14914 | D:10     | Entered Level 10 of the Dungeon
 15039 | D:10     | Reached *** piety under Nemelex Xobeh
 15044 | D:10     | Found a hide-covered altar of Uskayaw.
 15080 | D:10     | Found a flagged portal.
 15117 | Bailey   | Entered a bailey
 15317 | Bailey   | Noticed a gargoyle
 15345 | Bailey   | Killed a gargoyle
 15954 | Bailey   | Identified the +2 cloak of the Catamount {-Cast rC+ Str+6}
 16143 | Bailey   | Found the +4 moon troll leather armour {Spirit, Regen++
                  | MP+5}
 16152 | Bailey   | Identified the +0 pair of boots of Daisies {Fly Str+2}
 17243 | D:11     | Noticed a manticore
 17251 | D:11     | Killed a manticore
 17252 | D:11     | Reached XP level 11. HP: 69/91 MP: 14/23
 17402 | D:11     | Noticed a white ugly thing
 17415 | D:11     | Killed a white ugly thing
 17507 | D:11     | Received a gift from Nemelex Xobeh
 18073 | D:11     | Received a gift from Nemelex Xobeh
 18264 | D:11     | Found a staircase to the Orcish Mines.
 18406 | D:11     | Noticed a two-headed ogre
 18410 | D:11     | Killed a two-headed ogre
 18411 | D:11     | Reached skill level 10 in Conjurations
 18470 | D:12     | Reached **** piety under Nemelex Xobeh
 18508 | D:12     | Received a gift from Nemelex Xobeh
 18761 | D:12     | Found a gate leading to a gauntlet.
 18815 | Gauntlet | Entered a Gauntlet
 18815 | Gauntlet | Noticed a sixfirhy
 18815 | Gauntlet | Found a transporter.
 18815 | Gauntlet | Found a transporter.
 18816 | Gauntlet | Found a transporter.
 18820 | Gauntlet | Found a transporter.
 18821 | Gauntlet | Found the +2 cloak of the Thief {*Fog Slay-2 SInv Stlth+}
 18822 | Gauntlet | Found a transporter.
 18828 | Gauntlet | Noticed a death scarab
 18829 | Gauntlet | Noticed a large abomination
 18830 | Gauntlet | Found a transporter.
 18831 | Gauntlet | Noticed a death scarab
 18834 | Gauntlet | Found a transporter.
 18844 | Gauntlet | Found a transporter.
 18935 | Gauntlet | Found a transporter.
 18948 | Gauntlet | Found the +3 warlock's mirror {reflect}
 18949 | Gauntlet | Found a transporter.
 18950 | Gauntlet | Found a transporter.
 18959 | Gauntlet | Found a transporter.
 19401 | Gauntlet | Identified the -4 pair of boots of Noon {Regen+ Int+4
                  | Dex-2}
 19671 | Gauntlet | Identified the +0 helmet of the Lily {rC+ Regen+ Int-5
                  | Stlth+}
 19747 | Gauntlet | Noticed a minotaur
 19759 | Gauntlet | Killed a minotaur
 19910 | Gauntlet | Identified the +1 dagger of Xaap {antimagic, rPois Str+2}
 20199 | D:12     | Received a gift from Nemelex Xobeh
 20502 | D:12     | Noticed a green ugly thing
 20518 | D:12     | Killed a green ugly thing
 20684 | D:12     | Noticed a boulder beetle
 20762 | D:12     | Noticed a deep elf pyromancer
 20768 | D:12     | Killed a deep elf pyromancer
 20934 | D:12     | Received a gift from Nemelex Xobeh
 21056 | D:12     | Noticed a two-headed ogre
 21069 | D:12     | Killed a two-headed ogre
 21337 | D:12     | Reached XP level 12. HP: 64/100 MP: 5/25
 22008 | Lair:1   | Entered Level 1 of the Lair of Beasts
 22055 | Lair:1   | Reached ***** piety under Nemelex Xobeh
 22055 | Lair:1   | Received a gift from Nemelex Xobeh
 22380 | Lair:1   | Reached skill level 10 in Invocations
 22829 | Lair:1   | Received a gift from Nemelex Xobeh
 23386 | Lair:2   | Found a dark tunnel.
 23395 | Volcano  | Entered a volcano
 24053 | Volcano  | Noticed a two-headed ogre
 24062 | Volcano  | Noticed an ogre mage
 24069 | Volcano  | Found a bloodstained altar of Trog.
 24069 | Volcano  | Noticed a two-headed ogre
 24069 | Volcano  | Noticed a red draconian
 24072 | Volcano  | Banished a red draconian
 24073 | Volcano  | Reached skill level 10 in Spellcasting
 24328 | Lair:2   | Received a gift from Nemelex Xobeh
 24379 | Lair:2   | Noticed a six-headed hydra
 24401 | Lair:2   | Killed a six-headed hydra
 24692 | Lair:2   | Found a large runed translucent door.
 24693 | Lair:2   | Found a large runed translucent door.
 24726 | Lair:2   | Noticed a six-headed hydra
 24736 | Lair:2   | Killed a six-headed hydra
 25074 | Lair:2   | Received a gift from Nemelex Xobeh
 25345 | Lair:2   | Noticed RascalDebosk's ghost (journeyman MiFi)
 25370 | Lair:2   | Killed RascalDebosk's ghost
 25775 | Lair:3   | Reached XP level 13. HP: 108/108 MP: 19/27
 26361 | Lair:3   | Found a staircase to the Swamp.
 26643 | Lair:3   | Received a gift from Nemelex Xobeh
 27909 | Lair:3   | Received a gift from Nemelex Xobeh
 28335 | Lair:4   | Found a hole to the Spider Nest.
 28493 | Lair:4   | Reached skill level 1 in Evocations
 29391 | Lair:4   | Received a gift from Nemelex Xobeh
 29403 | Lair:4   | Identified the +7 long sword of Ohucumie {drain, Fragile
                  | rN+ Dex+4 Stlth+}
 29469 | Lair:4   | Identified the +0 pair of boots of Valour {rElec rPois
                  | Will- Str-5}
 30001 | Lair:4   | Reached ****** piety under Nemelex Xobeh
 30068 | Lair:4   | Received a gift from Nemelex Xobeh
 30825 | Lair:5   | Gained mutation: You have acidic saliva. [Yellow Draconian
                  | growth]
 30825 | Lair:5   | Reached XP level 14. HP: 58/119 MP: 6/29
 31645 | Lair:5   | Received a gift from Nemelex Xobeh
 31821 | Lair:5   | Noticed a ghost moth
 31821 | Lair:5   | a death yak changed into a ghost moth
 31821 | Lair:5   | Noticed a ghost moth
 31821 | Lair:5   | a death yak changed into a ghost moth
 31826 | Lair:5   | Killed a ghost moth
 31923 | Lair:4   | Reached skill level 10 in Fighting
 32810 | Lair:5   | Killed a ghost moth
 32811 | Lair:5   | Reached skill level 5 in Evocations
 33299 | Orc:1    | Entered Level 1 of the Orcish Mines
 34137 | Orc:1    | Noticed an orc warlord
 34578 | Orc:1    | Paralysed by an orc sorcerer for 6 turns
 34832 | Orc:1    | Lost strength.
 34832 | Orc:1    | Gained mutation: You are weak. (Str -2) [a neqoxec]
 37633 | D:13     | Found a gate to the Vaults.
 38025 | D:13     | Noticed Frances
 38032 | D:13     | Killed Frances
 39360 | D:14     | Received a gift from Nemelex Xobeh
 39381 | D:14     | Slain by a white ugly thing

Illustrated notes

Levels and vault maps discovered:
D:1:      tarquinn_simple_flora_water_f, layout_basic, basic_ecumenical_altar,
          bh_walls_and_bars
D:2:      layout_basic, basic_altar
D:3:      layout_rooms, nicolae_overflow_hidden_temple, serial_shops, shop,
          shop, portal_sewer_entry_e, minmay_misc_feat_rows
D:4:      layout_basic, minmay_temple_entry_water_ring, serial_bayou,
          serial_bayou_shore_a, serial_bayou_ford_a, serial_bayou_crossing,
          serial_bayou_pond_e, serial_bayou_pond_c, serial_bayou_lagoon_a
D:5:      layout_gridville, kennysheep_doodads
D:6:      layout_basic
D:7:      layout_gridville, serial_shops, shop_fountains, minivault_22
D:8:      layout_basic, mainiacjoe_overflow_cross_hatched,
          grunt_dithmenos_smoke, uniq_joseph, uniq_maggie
D:9:      layout_irregular_city, grunt_temple_overflow_champion_of_chaos,
          david_lair_generic, due_unseen_surprise
D:10:     layout_grid_maze, mainiacjoe_overflow_alcove_1, enter_bailey_3
D:11:     layout_long_grid, david_orc_4, minivault_4
D:12:     nicolae_whirlpool, layout_stronghold, gauntlet_entry_generic
D:13:     layout_basic, erik_vaults_2, serial_bayou, serial_bayou_pond_e,
          serial_bayou_pond_e, serial_bayou_shore_b, serial_bayou_shore_b,
          uniq_frances
D:14:     hangedman_arrow_trap, layout_cave_pools,
          portal_ice_cave_entry_pillars_three, nzn_wu_jian_contemplation,
          grunt_potential
Temple:   nicolae_temple_figure_eight
Lair:1:   layout_layer_cave, kennysheep_rathole
Lair:2:   layout_chaotic_city, ebering_ghost_disaster_area,
          nicolae_volcano_entry_batcave, grunt_megastairs_2
Lair:3:   layout_layer_cave, swamp_mist_pool, special_room [special_room_bee],
          eino_house_with_fridge, grunt_megastairs_5,
          infiniplex_staircase_pool_2
Lair:4:   layout_regular_city, nicolae_spider_entry_non_spiders
Lair:5:   layout_small_grid, nicolae_lair_lil_pond, beast_lair_carwin_8
Orc:1:    layout_caves, uniq_jorgrun

Skill      XL: |  1  2  3  4  5  6  7  8  9 10 11 12 13 14 |
---------------+-------------------------------------------+-----
Dodging        | 2 3 4 5 6 7 8 |  8.0
Fighting       | 1 2 3 4 5 6 7 8 9 10 | 10.3
Spellcasting   | 3 4 5 6 8 9 10 11 12 | 12.4
Conjurations   | 5 6 7 8 9 10 12 13 | 13.9
Translocations | 1 2 |  2.0
Hexes          | 1 2 |  2.0
Invocations    | 2 4 6 8 9 11 12 13 | 13.7
Evocations     | 3 6 |  6.1
Stealth        | |  1.7

Action                   |  1- 3 |  4- 6 |  7- 9 | 10-12 | 13-15 || total
-------------------------+-------+-------+-------+-------+-------++-------
Melee: Unarmed           |    85 |    57 |    10 |    21 |       ||   173
       Tailslap          |     7 |     4 |     1 |    35 |    45 ||    92
       Punch             |     1 |     1 |       |     3 |     4 ||     9
       Trident           |       |       |       |   262 |   240 ||   502
       Bite              |       |       |       |       |    14 ||    14
 Cast: Magic Dart        |    70 |    26 |     5 |     3 |       ||   104
       Searing Ray       |     6 |    68 |    69 |    40 |    24 ||   207
       Iskenderun's Myst |       |       |     2 |   221 |   321 ||   544
Invok: Draw Destruction  |       |       |     4 |    11 |    12 ||    27
       Draw Summoning    |       |       |     2 |     4 |    18 ||    24
       Draw Escape       |       |       |       |     1 |     1 ||     2
 Abil: Breathe Acid      |       |       |    10 |    27 |    21 ||    58
Evoke: Wand              |       |       |       |     2 |     4 ||     6
  Use: Scroll            |       |       |     7 |    16 |     8 ||    31
       Potion            |       |       |       |     4 |       ||     4
 Stab: Sleeping          |       |     2 |       |     1 |       ||     3
Armor: Skin              |    55 |    44 |    48 |   259 |   213 ||   619
Dodge: Dodged            |    89 |    92 |   105 |   396 |   418 ||  1100
